 Dungeon Crawl Stone Soup version 0.29.0-11-gd7f09526c8 (webtiles) character file.

Game seed: 9127758890329946560

3167 greasedhog the Slicer (level 9, -1/49 HPs)
             Began as a Deep Elf Abyssal Knight on Sept 7, 2022.
             Was an Elder of Lugonu.
             Succumbed to a killer bee's poison
             ... on level 8 of the Dungeon.
             The game lasted 00:18:47 (10023 turns).

greasedhog the Slicer (Deep Elf Abyssal Knight)    Turns: 10023, Time: 00:18:48

Health: -1/49      AC:  9    Str: 10    XL:     9   Next: 63%
Magic:  17/17      EV: 18    Int: 16    God:    Lugonu [****..]
Gold:   303        SH:  0    Dex: 19    Spells: 2/8 levels left

rFire   + . .      SeeInvis .   a - +3 short sword (protect)
rCold   + . .      Faith    .   (no shield)
rNeg    . . .      Spirit   .   d - +2 leather armour {rF+}
rPois   .          Reflect  .   (no helmet)
rElec   .          Harm     .   q - +0 cloak
rCorr   .          Rampage  .   c - +2 pair of gloves
Will    .....                   (no boots)
Stlth   +.........              (no amulet)
HPRegen 0.16/turn               w - ring of protection from cold
MPRegen 0.15/turn               j - +4 ring of evasion

@: mighty, lethally poisoned (-1 -> -9)
A: no striking features
a: Renounce Religion, Depart the Abyss, Bend Space, Banish, Corrupt


You were on level 8 of the Dungeon.
You worshipped Lugonu.
Lugonu was greatly pleased with you.
You visited 1 branch of the dungeon, and saw 8 of its levels.
You visited the Abyss 1 time.

You collected 357 gold pieces.
You spent 54 gold pieces at shops.

Inventory:

Hand Weapons
 a - a +3 short sword of protection (weapon)
Missiles
 l - 2 silver boomerangs
Armour
 c - a +2 pair of gloves (worn)
 d - a +2 leather armour of fire resistance (worn)
 q - a +0 cloak (worn)
Jewellery
 i - a ring of see invisible
 j - a +4 ring of evasion (right hand)
 k - a ring of positive energy
 w - a ring of protection from cold (left hand)
 x - a ring of flight
 A - a ring of wizardry
Wands
 z - a wand of polymorph (9)
Scrolls
 b - a scroll of blinking
 h - a scroll of torment {unknown}
 m - 2 scrolls of poison
 y - a scroll of teleportation
Potions
 g - a potion of attraction
 n - 2 potions of flight {unknown}
 p - a potion of lignification
 r - a potion of berserk rage {unknown}
 u - a potion of resistance {unknown}
 v - a potion of degeneration {unknown}


   Skills:
 - Level 2.4 Fighting
 * Level 8.3 Short Blades
 - Level 0.7 Armour
 * Level 5.0 Dodging
 * Level 8.1 Translocations
 - Level 8.0 Invocations


You had 2 spell levels left.
You knew the following spells:

 Your Spells              Type           Power      Damage    Failure   Level
a - Gell's Gravitas       Tloc           26%        N/A       3%          3
b - Teleport Other        Tloc           26%        N/A       3%          3

Your spell library contained the following spells:

 Spells                   Type           Power      Damage    Failure   Level
 Poisonous Vapours        Pois/Air       0%         N/A       45%         2
 Lesser Beckoning         Tloc           26%        N/A       3%          3
 Conjure Flame            Conj/Fire      0%         6-21      71%         3
 Ignite Poison            Fire/Tmut/Pois 0%         N/A       71%         3
 Summon Forest            Summ/Tloc      6%         N/A       88%         5
 Corpse Rot               Necr/Pois/Air  0%         N/A       98%         4
 Sticky Flame             Conj/Fire      0%         2d3       98%         4
 Fireball                 Conj/Fire      0%         3d3       100%        5
 Iskenderun's Battlesphe  Conj           0%         2d6       100%        5
 Conjure Ball Lightning   Conj/Air       0%         3x3d6     100%        6
 Eringya's Noxious Bog    Tmut/Pois      0%         N/A       100%        6
 Orb of Destruction       Conj           0%         9d5       100%        7
 Summon Hydra             Summ           0%         N/A       100%        7


Dungeon Overview and Level Annotations

Branches:
Dungeon (8/15)             Temple (0/1) D:6
   Lair: D:8-11

Altars:

Shops:
D:2 *?=(   D:8 [


Message History

The killer bee stings you but does no damage.
The killer bee stings you.
* * * LOW HITPOINT WARNING * * *
You completely miss the killer bee.
The killer bee is moderately wounded.
The killer bee stings you but does no damage.
You feel better.
The killer bee stings you but does no damage. x2
It was a potion of attraction.
You feel attractive to monsters. The killer bee stings you.
* * * LOW HITPOINT WARNING * * *
The killer bee barely misses you.
It was a potion of cancellation.
Your magical effects are unravelling.
You feel magically purged.
You feel less wooden.
Your +0 cloak unmelds from your body.
Your +2 pair of gloves unmelds from your body.
Your +2 leather armour of fire resistance unmelds from your body.
You feel resistant to fire. The killer bee closely misses you.
The killer bee stings you but does no damage.
You feel less attractive to monsters.
As you read the scroll of teleportation, it crumbles to dust.
You feel strangely unstable. The killer bee stings you!
* * * LOW HITPOINT WARNING * * *
You are lethally poisoned!
The killer bee poisons you! The killer bee misses you.
It was a potion of might.
You feel very mighty all of a sudden.
* * * LOW HITPOINT WARNING * * *
You feel very sick.
A killer bee comes into view.
The killer bee barely misses you. The killer bee closely misses you.
The killer bee moves out of view.
Unknown command.
The killer bee attacks as you move away!
The killer bee closely misses you.
Your surroundings suddenly seem different.
You die...

.#.....##.# #.#
...#.###.######.## #
#..##.##.........# ..
#.#..##.##.######..#
...#.#..##.##)# #..#
.........)<.))##
#..######
#..............#
#........
..#####.####...###
#.....### #<#..@.....#
##....... #.#.##...#.#
#.##.##. #...........#
#.##.##
#.#.##......###.#...#.
#.#.##............#...
##.#.###.#...###.....#.
###.#~.~##.#...#
#..#.##.
#..#≈≈.~≈..#...###..#.#
#.#.≈≈∩~≈#.#..........#


There were no monsters in sight!

Vanquished Creatures
  A two-headed ogre (D:5)
  A kobold demonologist (D:7)
  A hornet (D:8)
  An ice beast (D:8)
  2 sky beasts
  A black bear (D:6)
  3 ogres
  A phantom (D:7)
  2 kobold brigands (D:7)
  A necrophage (D:6)
  2 scorpions
  7 killer bees
  4 howler monkeys
  3 hounds
  A jelly (D:6)
  3 orc priests
  4 iguanas
  4 orc wizards
  Natasha (twice) (D:4)
  4 gnolls
  5 adders
  A shadow imp (D:5)
  2 white imps
  A worm (D:3)
  4 dart slugs
  21 orcs
  7 endoplasms
  5 giant cockroaches
  4 hobgoblins
  4 jackals (D:4)
  A quokka (D:3)
  4 ball pythons
  4 bats
  3 frilled lizards
  10 goblins
  7 kobolds
  14 rats
145 creatures vanquished.

Notes
Turn   | Place    | Note
-------+----------+-------------------------------------------
     0 | Abyss:1  | greasedhog the Deep Elf Abyssal Knight began the quest for
                  | the Orb.
     0 | Abyss:1  | Reached XP level 1. HP: 13/13 MP: 4/4
     1 | D:1      | Escaped the Abyss
   659 | D:1      | Reached XP level 2. HP: 18/18 MP: 5/5
  1528 | D:2      | Reached XP level 3. HP: 12/22 MP: 7/7
  1569 | D:2      | Found a faded altar of an unknown god.
  2050 | D:2      | Reached *** piety under Lugonu
  2423 | D:2      | Found Sydyekoc's Assorted Antiques.
  2428 | D:2      | Bought a scroll of identify for 54 gold pieces
  2434 | D:2      | Found Vanan's Weapon Emporium.
  2679 | D:2      | Found Venauh's Magic Scroll Boutique.
  2719 | D:2      | Reached XP level 4. HP: 24/27 MP: 8/8
  2750 | D:2      | Found Dyitzec's Jewellery Emporium.
  3078 | D:3      | Learned a level 3 spell: Gell's Gravitas
  3419 | D:3      | Reached skill level 1 in Translocations
  3522 | D:3      | Reached XP level 5. HP: 4/31 MP: 8/10
  4338 | D:3      | HP: 1/31 [orc priest/divine providence (14)]
  5038 | D:4      | Reached **** piety under Lugonu
  5200 | D:4      | Noticed an ogre
  5384 | D:4      | Noticed Natasha
  5395 | D:4      | Reached XP level 6. HP: 23/36 MP: 11/11
  5398 | D:4      | Killed Natasha
  5407 | D:4      | Noticed Natasha
  5435 | D:4      | Killed Natasha
  5993 | D:5      | Entered Level 5 of the Dungeon
  6406 | D:4      | Reached skill level 5 in Invocations
  6709 | D:5      | Reached XP level 7. HP: 27/40 MP: 12/12
  7123 | D:5      | Reached skill level 5 in Short Blades
  7159 | D:5      | Noticed a two-headed ogre
  7169 | D:5      | Killed a two-headed ogre
  7170 | D:5      | Reached skill level 5 in Translocations
  7170 | D:5      | Reached XP level 8. HP: 45/45 MP: 12/14
  8105 | D:6      | Found a staircase to the Ecumenical Temple.
  8186 | D:7      | Noticed a kobold demonologist
  8580 | D:7      | Reached XP level 9. HP: 16/49 MP: 16/16
  9050 | D:7      | Killed a kobold demonologist
  9398 | D:7      | Learned a level 3 spell: Teleport Other
  9909 | D:8      | Found Kur Rakh's Antique Armour Emporium.
  9990 | D:8      | Reached skill level 5 in Dodging
 10022 | D:8      | HP: 1/49 [poisoned by a killer bee]
 10023 | D:8      | Succumbed to a killer bee's poison

Illustrated notes

Levels and vault maps discovered:
D:1:      erik_arrival_blinker_ship, layout_loops_ring
D:2:      layout_loops_ring, serial_shops, nicolae_shop_statue_plus,
          shop_fountains, shop_fountains, nicolae_shop_behind_doors,
          basic_ecumenical_altar, minmay_pentomino_x2
D:3:      layout_loops_ring, due_unseen_surprise
D:4:      layout_basic, uniq_natasha
D:5:      layout_basic
D:6:      layout_basic, minmay_temple_entry_poolview
D:7:      layout_basic, grunt_ministairs_9
D:8:      layout_loops_ring, serial_shops, nicolae_shop_waterfront, shop, shop,
          minmay_crossroads

Skill      XL: |  1  2  3  4  5  6  7  8  9 |
---------------+----------------------------+-----
Invocations    | 3 4 5 6 7 8 |  8.0
Short Blades   | 3 4 6 7 8 |  8.3
Translocations | 1 2 3 5 6 8 |  8.1
Dodging        | 5 |  5.0
Fighting       | |  2.4
Armour         | |  0.7

Action                   |  1- 3 |  4- 6 |  7- 9 || total
-------------------------+-------+-------+-------++-------
Melee: Short sword       |   163 |   285 |   438 ||   886
       Punch             |       |     3 |     4 ||     7
 Cast: Gell's Gravitas   |       |     1 |     1 ||     2
Evoke: Wand              |       |     2 |     7 ||     9
  Use: Scroll            |     7 |    11 |     2 ||    20
       Potion            |       |     5 |    13 ||    18
 Stab: Sleeping          |     3 |     2 |     4 ||     9
       Paralysed         |       |     5 |    11 ||    16
       Distracted        |       |       |     1 ||     1
Armor: Leather armour    |    57 |    12 |    58 ||   127
       Robe              |       |    36 |    47 ||    83
       Skin              |       |       |    46 ||    46
Dodge: Dodged            |   104 |   230 |   264 ||   598
